 Dungeon Crawl Stone Soup version 0.30-a0-870-gc5d4c5acee (webtiles) character file.

Game seed: 11430096117377945406

28 domi the Conjurer (level 3, 24/24 HPs)
             Began as a Demonspawn Conjurer on Mar 11, 2023.
             Got out of the dungeon alive.
             The game lasted 00:01:16 (834 turns).

domi the Conjurer (Demonspawn Conjurer)              Turns: 834, Time: 00:01:17

Health: 24/24      AC:  2    Str:  7    XL:     3   Next: 0%
Magic:  6/6        EV: 12    Int: 21    God:
Gold:   11         SH:  0    Dex: 11    Spells: 5/6 levels left

rFire   . . .      SeeInvis .    e - +3 war axe
rCold   . . .      Faith    .    (no shield)
rNeg    . . .      Spirit   .    a - +0 robe
rPois   .          Reflect  .    (no helmet)
rElec   .          Rampage  .    (no cloak)
rCorr   .                        (no gloves)
Will    .....                    (no boots)
Stlth   ++                       (no amulet)
HPRegen 0.24/turn                (no ring)
MPRegen 0.10/turn                (no ring)

@: no status effects
A: powered by pain 2
a: no special abilities


You escaped.
You visited 1 branch of the dungeon, and saw 1 of its levels.

You collected 11 gold pieces.

Inventory:

Hand Weapons
 e - a +3 war axe (weapon)
   (You found it on level 1 of the Dungeon)
Armour
 a - a +0 robe (worn)
Scrolls
 c - 2 scrolls of poison {unknown}
 d - a scroll of fear {unknown}
 g - 2 scrolls of teleportation {unknown}
 i - a scroll of brand weapon {unknown}
Potions
 b - a potion of magic
 f - a potion of heal wounds {unknown}
 h - a potion of attraction {unknown}


   Skills:
 - Level 1.7 Dodging
 - Level 1.7 Stealth
 - Level 2.0 Spellcasting
 + Level 5.0 Conjurations


You had 5 spell levels left.
You knew the following spells:

 Your Spells              Type           Power      Damage    Failure   Level
z - Magic Dart            Conj           92%        1d7       1%          1

Your spell library contained the following spells:

 Spells                   Type           Power      Damage    Failure   Level
 Searing Ray              Conj           46%        2d6       2%          2
 Dazzling Flash           Conj/Hex       24%        N/A       16%         3
 Fulminant Prism          Conj/Hex       6%         3d6       45%         4
 Iskenderun's Mystic Bla  Conj/Tloc      12%        2d5       45%         4


Dungeon Overview and Level Annotations

Branches:
Dungeon (1/15)

Altars:
Xom


Innate Abilities, Weirdness & Mutations

You sometimes gain power by taking damage.


Message History

You start resting.
There is an open door here.
You open the door.
Found a shimmering altar of Xom.
Found an escape hatch in the floor.
There is an open door here.
A bat comes into view.
Found a stone staircase leading down.
A bat is nearby!
A bat is nearby!
Aim: a bat (asleep, 100% to hit)
The magic dart hits the bat.
Aim: a bat (moderately wounded, 100% to hit)
The magic dart hits the bat.
You kill the bat!
You can't see any susceptible monsters within range! (Use Z to cast anyway.)
An endoplasm is nearby!
An endoplasm is nearby!
An endoplasm is nearby!
Aim: an endoplasm (wandering, hasn't noticed you, 100% to hit)
The magic dart hits the endoplasm.
The endoplasm quivers.
Aim: an endoplasm (almost dead, 100% to hit)
The magic dart hits the endoplasm.
You kill the endoplasm!
You can't see any susceptible monsters within range! (Use Z to cast anyway.)
You see here a bat corpse.
A goblin comes into view. It is wielding a +0 dagger.
A goblin is nearby!
A goblin is nearby!
A goblin is nearby!
Aim: a goblin, wielding a +0 dagger (asleep, 100% to hit)
The magic dart hits the goblin.
The goblin shouts!
You hear a shout!
A ball python comes into view.
A rat comes into view.
Aim: a goblin, wielding a +0 dagger (heavily wounded, 100% to hit)
The magic dart hits the goblin.
You kill the goblin!
The ball python hisses angrily.
A goblin comes into view. It is wielding a +0 club.
Aim: a ball python (100% to hit)
The magic dart hits the ball python.
You kill the ball python!
Aim: a rat (100% to hit)
The magic dart hits the rat.
You kill the rat!
Aim: a goblin, wielding a +0 club (100% to hit)
The magic dart hits the goblin.
You kill the goblin!
You don't have enough magic to cast this spell.
You don't have enough magic to cast this spell.
You now have 11 gold pieces (gained 9).
h - a fuming coppery potion
g - 2 scrolls labelled COJ NOSOTH (gained 1)
You open the door.
A rat comes into view.
A rat is nearby!
A rat is nearby!
Aim: a rat (wandering, hasn't noticed you, 100% to hit)
The magic dart hits the rat.
Aim: a rat (moderately wounded, 100% to hit)
The magic dart hits the rat but does no damage.
Aim: a rat (moderately wounded, 100% to hit)
The magic dart hits the rat but does no damage.
Aim: a rat (moderately wounded, 100% to hit)
The magic dart hits the rat.
You kill the rat!
There is an open door here.
A bat comes into view.
The bat moves out of view.
A bat is nearby!
A bat is nearby!
Aim: a bat (wandering, hasn't noticed you, 100% to hit)
The magic dart hits the bat.
Aim: a bat (severely wounded, 100% to hit)
The magic dart hits the bat.
You kill the bat!
Your Conjurations skill increases to level 5!
You can't see any susceptible monsters within range! (Use Z to cast anyway.)
You see here a +0 sling.
A rat comes into view.
A rat is nearby!
A rat is nearby!
A rat is nearby!
Aim: a rat (100% to hit)
The magic dart hits the rat.
Aim: a rat (severely wounded, 100% to hit)
The magic dart hits the rat.
You kill the rat!
You have reached level 3!
Your experience leads to an increase in your attributes!
Increase (s)trength, (i)ntelligence, or (d)exterity?
You feel clever. x2; Your demonic ancestry asserts itself...
You feel even more energised by your suffering.
i - a scroll labelled MUEHUI AJETYOC You open the door.
There is an open door here.
There is an open door here.
There is a staircase leading out of the dungeon here.
Are you sure you want to leave the Dungeon?
This will make you lose the game!
You have escaped!

...).######.##########...........
.....# #......................
.....# ##..#.#######...........
.....## #.........###...........
......####.♣##'###...........÷...
......##..♣♣#....#♣♣♣♣..##'#.####
......#######.88.#########.#.#
......##>_≈≈'....'≈≈≈># #.#.#
......#######...@###### #.#.#
####'##### ###### #.#.#
#.....####### #.#.#
#####.......## #.#.#
######........# #.#.#
#.............##########.#.#
#...............#..........#
###.............#...######.###
................###..### #.#


There were no monsters in sight!

Vanquished Creatures
  A dart slug (D:1)
  3 endoplasms (D:1)
  5 goblins (D:1)
  A hobgoblin (D:1)
  A quokka (D:1)
  A ball python (D:1)
  6 bats (D:1)
  A frilled lizard (D:1)
  5 rats (D:1)
24 creatures vanquished.

Notes
Turn   | Place    | Note
-------+----------+-------------------------------------------
     0 | D:1      | domi the Demonspawn Conjurer began the quest for the Orb.
     0 | D:1      | Reached XP level 1. HP: 13/13 MP: 3/3
   154 | D:1      | Gained mutation: You sometimes gain a little power by
                  | taking damage. [demonic ancestry]
   154 | D:1      | Reached XP level 2. HP: 11/19 MP: 0/5
   443 | D:1      | Found a shimmering altar of Xom.
   694 | D:1      | Reached skill level 5 in Conjurations
   733 | D:1      | Gained mutation: You sometimes gain power by taking damage.
                  | [demonic ancestry]
   733 | D:1      | Reached XP level 3. HP: 24/24 MP: 3/6
   834 | D:$      | Got out of the dungeon alive.

Illustrated notes

Levels and vault maps discovered:
D:1:      sevenhm_arrival_forest_fort_small_6, layout_basic

Skill      XL: |  1  2 |
---------------+-------+-----
Conjurations   | 5 |  5.0
Dodging        | |  1.7
Stealth        | |  1.7
Spellcasting   | |  2.0

Action                     || total
---------------------------++-------
  Melee: War axe           ||    11
   Cast: Magic Dart        ||    39
 Armour: Robe              ||     4
  Dodge: Dodged            ||    10

Table legend: (Time is in decaauts)
 A = Elapsed time spent in this place.
 B = Non-inter-level travel time spent in this place.
 C = Inter-level travel time spent in this place.
 D = Time resting spent in this place.
 E = Time spent auto-exploring this place.
 F = Levels seen in this place.
 G = Mean time per level.
                   A        B        C        D        E       F      G
               +--------+--------+--------+--------+--------+-----+--------+
         Total |    839 |    775 |     64 |     96 |    566 |   1 |  839.0 |
       Dungeon |    839 |    775 |     64 |     96 |    566 |   1 |  839.0 |
               +--------+--------+--------+--------+--------+-----+--------+

Top non-repeatable levels by time:
     D:1: 839 daAuts

Table legend:
 A = Kills in this place as a percentage of kills in the entire game.
 B = Kills by you in this place as a percentage of kills by you in the entire game.
 C = Kills by friends in this place as a percentage of kills by friends in the entire game.
 D = Other kills in this place as a percentage of other kills in the entire game.
 E = Experience gained in this place as a percentage of experience gained in the entire game.
 F = Experience gained in this place divided by the number of levels of this place that you have seen.
                   A       B       C       D       E      F
               +-------+-------+-------+-------+-------+----------------------
         Total | 100.0 | 100.0 |   N/A |   N/A | 100.0 |  41.0
       Dungeon | 100.0 | 100.0 |   N/A |   N/A | 100.0 |  41.0
               +-------+-------+-------+-------+-------+----------------------
